 Dungeon Crawl Stone Soup version 0.25-a0-420-g1cc7eeb0d1 (webtiles) character file.

Game seed: 9626497140410105615, levelgen mode: deterministic

49 Esekla the Gusty (level 4, 0/30 HPs)
             Began as a Human Air Elementalist on Jan 20, 2020.
             Slain by a kobold (1 damage)
             ... on level 3 of the Dungeon.
             The game lasted 00:06:35 (939 turns).

Esekla the Gusty (Human Air Elementalist)            Turns: 939, Time: 00:06:35

Health: 0/30       AC:  2    Str:  8    XL:     4   Next: 2%
Magic:  0/7        EV: 13    Int: 16    God:
Gold:   40         SH:  0    Dex: 14    Spells: 2/8 levels left

rFire    . . .     SeeInvis .   f - +0 dagger
rCold    . . .     Gourm    .   (no shield)
rNeg     . . .     Faith    .   a - +0 robe
rPois    .         Spirit   .   (no helmet)
rElec    .         Reflect  .   (no cloak)
rCorr    .         Harm     .   (no gloves)
MR       .....                  (no boots)
Stlth    ++........             (no amulet)
HPRegen  0.10/turn              (no ring)
MPRegen  0.10/turn              (no ring)

@: lethally poisoned (0 -> -1), very slightly contaminated
A: no striking features
a: no special abilities


You were on level 3 of the Dungeon.
You were not hungry.

You visited 1 branch of the dungeon, and saw 3 of its levels.

You collected 40 gold pieces.

Inventory:

Hand Weapons
 f - a +0 dagger (weapon)
Armour
 a - a +0 robe (worn)
Scrolls
 b - a scroll of identify {unknown}
 d - a scroll of immolation {unknown}
 g - a scroll of amnesia {unknown}
Potions
 e - a potion of curing {unknown}
Comestibles
 c - 2 rations


   Skills:
 * Level 2.6 Dodging
 - Level 2.0 Stealth
 * Level 2.5 Spellcasting
 * Level 1.5 Conjurations
 + Level 3.5 Air Magic


You had 2 spell levels left.
You knew the following spells:

 Your Spells              Type           Power        Failure   Level  Hunger
a - Shock                 Conj/Air       ##..         7%          1    #......
b - Swiftness             Chrm/Air       #.......     14%         2    ##.....
c - Static Discharge      Conj/Air       ##......     21%         3    ###....

Your spell library contained the following spells:

 Spells                   Type           Power        Failure   Level  Hunger
 Airstrike                Air            ##........   41%         4    #####..
 Lightning Bolt           Conj/Air       ##........   88%         5    ######.


Dungeon Overview and Level Annotations

Branches:
Dungeon (3/15)

Altars:
Fedhas


Message History

* * * LOW HITPOINT WARNING * * *
You hit the worm.
The worm is severely wounded.
You feel sick. The kobold hits you.
* * * LOW HITPOINT WARNING * * *
The kobold closely misses you. The worm closely misses you.
A rat comes into view.
You hit the worm.
The worm is severely wounded.
The kobold closely misses you. x2
Casting: Shock (safe; 7% risk of failure)
Confirm with . or Enter, or press ? or * to list all spells.
Aiming: Shock (safe; 7% risk of failure)
Press: ? - help, Shift-Dir - straight line The zap hits the worm.
The worm is almost dead.
The zap hits the worm.
The worm is almost dead.
The kobold hits you.
You die...

#......†..# #..#
##############..#####
#...........#
#.####..###.# #w.#
#..# ####.(##
#.w..#.# #@##(.##
#.rlK.K.......#
#..####.####..# #..
=... .# #. K..... # #
.......# ...._ ....
.#.... ..#.


You could see a worm, a leopard gecko, 2 kobolds and a rat.

Vanquished Creatures
  4 adders (D:3)
  A dart slug (D:1)
  A leopard gecko (D:3)
  2 goblins
  2 jackals (D:3)
  A kobold (D:2)
  A frilled lizard (D:3)
  A rat (D:1)
13 creatures vanquished.

Notes
Turn   | Place    | Note
-------+----------+-------------------------------------------
     0 | D:1      | Esekla the Human Air Elementalist began the quest for the
                  | Orb.
     0 | D:1      | Reached XP level 1. HP: 13/13 MP: 3/3
   388 | D:2      | Reached XP level 2. HP: 19/19 MP: 1/5
   822 | D:3      | Reached XP level 3. HP: 24/24 MP: 3/6
   905 | D:3      | Learned a level 2 spell: Swiftness
   909 | D:3      | Learned a level 3 spell: Static Discharge
   925 | D:3      | Found a blossoming altar of Fedhas.
   932 | D:3      | Reached XP level 4. HP: 12/30 MP: 2/7
   937 | D:3      | HP: 1/30 [kobold (3)]
   939 | D:3      | Slain by a kobold

Levels and vault maps discovered:
D:1:      roderic_dead_forest, layout_basic
D:2:      layout_loops_ring, chequers_ecumenical_altar_grove,
          nicolae_gozag_zags_fifth_avenue
D:3:      layout_loops_ring, old_standard_altar,
          chequers_temple_overflow_minitemple

Action                   |  1- 3 |  4- 6 || total
-------------------------+-------+-------++-------
Melee: Unarmed           |     1 |       ||     1
       Dagger            |     1 |     4 ||     5
 Cast: Shock             |    25 |     4 ||    29
Armor: Robe              |     5 |     4 ||     9
Dodge: Dodged            |    14 |     9 ||    23

Table legend:
 A = Non-vault XP
 B = Vault XP
 C = Vault XP percentage of total XP
 D = Non-vault monster count
 E = Vault monster count
 F = Vault count percentage of total count
                 A         B        C        D         E       F
            +---------+---------+-------+---------+---------+-------
      Total |      71 |       0 |   0.0 |      13 |       0 |   0.0
            +---------+---------+-------+---------+---------+-------
        D:1 |       5 |       0 |   0.0 |       2 |       0 |   0.0
        D:2 |       4 |       0 |   0.0 |       2 |       0 |   0.0
        D:3 |      62 |       0 |   0.0 |       9 |       0 |   0.0
            +---------+---------+-------+---------+---------+-------
